 Dungeon Crawl Stone Soup version 0.19-a0-414-g76fec5b (webtiles) character file.

14 Kilingo the Digger (level 2, -1/16 HPs)
             Began as a Gargoyle Earth Elementalist on June 1, 2016.
             Slain by an adder (3 damage)
             ... on level 2 of the Dungeon.
             The game lasted 00:13:10 (633 turns).

Kilingo the Digger (Gargoyle Earth Elementalist)     Turns: 633, Time: 00:13:11

Health: -1/16      AC:  5    Str: 11    XL:     2   Next: 41%
Magic:  1/5        EV: 11    Int: 15    God:
Gold:   108        SH:  0    Dex: 10    Spells: 1 memorised, 4 levels left

rFire  . . .     SeeInvis .     j - +0 mace
rCold  . . .     Gourm    .     l - +0 leather armour (curse)
rNeg   + . .     Faith    .     (no shield)
rPois  ∞         Spirit   .     (no helmet)
rElec  +         Dismiss  .     (no cloak)
rCorr  .         Reflect  .     (no gloves)
SustAt .         Harm     .     (no boots)
MR     .....                    (no amulet)
Stlth  ++........               (no ring)
                                (no ring)

@: not resistant to hostile enchantments, unstealthy
A: negative energy resistance 1, electricity resistance, unbreathing,
petrification resistance, rot immunity, AC +2
a: no special abilities


You were on level 2 of the Dungeon.
You were not hungry.

You visited 1 branch of the dungeon, and saw 2 of its levels.

You collected 108 gold pieces.

Inventory:

Hand Weapons
 j - a +0 mace (weapon)
Missiles
 b - 45 stones (quivered)
Armour
 i - a +0 ring mail
 l - a cursed +0 leather armour (worn)
Scrolls
 e - a scroll of remove curse {unknown}
 g - a scroll of fog {unknown}
Potions
 a - a potion of mutation {unknown}
 h - a potion of degeneration {unknown}
 m - a potion of cure mutation {unknown}
Books
 c - a book of Geomancy

   Spells                             Type                      Level
   a - Sandblast                      Earth                        1
   b - Passwall                       Transmutation/Earth          2
   c - Stone Arrow                    Conjuration/Earth            3
   d - Petrify                        Transmutation/Earth          4
   e - Lee's Rapid Deconstruction     Earth                        5
Comestibles
 d - a bread ration
 f - 2 chunks of flesh
 k - a meat ration


   Skills:
 - Level 1.0 Fighting
 + Level 1.0 Maces & Flails
 - Level 1.0 Armour
 - Level 1.5 Dodging
 - Level 2.1 Stealth
 - Level 2.0 Spellcasting
   Level 0.7 Transmutations
 - Level 3.6 Earth Magic


You had 4 spell levels left.
You knew the following spells:

 Your Spells              Type           Power        Failure   Level  Hunger
a - Sandblast             Erth           ##....       10%         1    #......


Dungeon Overview and Level Annotations

Branches:
Dungeon (2/15)

Altars:


Innate Abilities, Weirdness & Mutations

You are resistant to torment.
Your stone body is resilient (AC +2).
You are immune to poison.
You resist negative energy. (rN+)
You are resistant to electric shocks. (rElec)
You can survive without breathing.
You are immune to petrification.
You are immune to rotting.


Message History

Aiming: Sandblast
Press: ? - help, Shift-Dir - straight line, f/p - adder
Aim: an adder (severely wounded)
The blast of sand misses the adder.
The adder bites you.
You hit the adder.
The adder is almost dead.
The adder barely misses you. The adder bites you but does no damage.
You closely miss the adder.
The adder is almost dead.
The adder barely misses you. The adder bites you but does no damage.
You miss the adder.
The adder is almost dead.
The adder bites you.
You completely miss the adder.
The adder is almost dead.
The adder bites you but does no damage. The adder bites you.
The adder bites you.
* * * LOW HITPOINT WARNING * * *
The adder bites you.
You die...

.....[.
.......
.......
.......
....... #
##....... #r
#<.......
#.##÷.......
#...@.......
+..S........
#.).?.......
#....#######
######


You could see an adder.

Vanquished Creatures
  A dart slug (D:1)
  2 goblins
  3 hobgoblins (D:1)
  2 jackals (D:1)
  A bat (D:1)
  A rat (D:1)
10 creatures vanquished.

Notes
Turn   | Place    | Note
--------------------------------------------------------------
     0 | D:1      | Kilingo the Gargoyle Earth Elementalist began the quest for the Orb.
     0 | D:1      | Reached XP level 1. HP: 10/10 MP: 3/3
   168 | D:1      | Reached skill level 1 in Fighting
   277 | D:1      | Reached skill level 1 in Armour
   277 | D:1      | Reached XP level 2. HP: 11/16 MP: 0/5
   616 | D:2      | Reached skill level 1 in Maces & Flails
   633 | D:2      | Slain by an adder

Vault maps used:
D:1:      tarquinn_simple_flora_water_d
D:2:      kennysheep_six_static_rooms, grunt_pakellas_basics

Skill      XL: |  1  2 |
---------------+-------+-----
Fighting       | 1 |  1.0
Armour         | 1 |  1.0
Maces & Flails | 1 |  1.0
Dodging        | |  1.5
Stealth        | |  2.1
Spellcasting   | |  2.0
Transmutations | |  0.7
Earth Magic    | |  3.6

Action                   || total
-------------------------++-------
Melee: Dagger            ||    18
       Unarmed           ||     2
       Mace              ||     5
 Cast: Sandblast         ||    21
 Stab: Sleeping          ||     2
Armor: Leather armour    ||    11
       Robe              ||     1
Dodge: Dodged            ||    24
